 Dungeon Crawl Stone Soup version 0.31-a0-858-g469dc525a8 (webtiles) character file.

Game seed: 9893487651209152221

266 BinkBink the Shield-Bearer (level 6, -4/62 HPs)
             Began as a Troll Fighter on Oct 9, 2023.
             Killed from afar by an orc wizard (10 damage)
             ... with a puff of flame
             ... on level 3 of the Dungeon.
             The game lasted 00:02:32 (2081 turns).

BinkBink the Shield-Bearer (Troll Fighter)          Turns: 2081, Time: 00:02:34

Health: -4/62      AC:  4    Str: 27    XL:     6   Next: 0%
Magic:  5/5        EV:  9    Int:  4    God:
Gold:   127        SH:  0    Dex:  9    Spells: 5/5 levels left

rFire   . . .        a - +0 flail
rCold   . . .        c - +0 kite shield
rNeg    . . .        b - +0 robe
rPois   .            (helmet restricted)
rElec   .            (no cloak)
rCorr   .            (gloves unavailable)
SInv    .            (boots unavailable)
Will    .....        (no amulet)
Stlth   +            (no ring)
HPRegen 1.10/turn    (no ring)
MPRegen 0.09/turn

%: no passive effects
@: confused, lethally poisoned (-4 -> -5)
A: large, unfitting armour, claws 3, regeneration 1, shaggy fur 1, tough skin 1
a: no special abilities


You were on level 3 of the Dungeon.
You visited 1 branch of the dungeon, and saw 3 of its levels.

You collected 127 gold pieces.

Inventory:

Hand Weapons
 a - a +0 flail (weapon)
Missiles
 m - a throwing net
Armour
 b - a +0 robe (worn)
 c - a +0 kite shield (worn)
Scrolls
 i - 3 scrolls of identify {unknown}
 k - a scroll of enchant armour {unknown}
 l - a scroll of brand weapon {unknown}
 n - a scroll of amnesia {unknown}
 o - 3 scrolls of revelation {unknown}
Potions
 d - 2 potions of might
 e - a potion of degeneration {unknown}
 f - 2 potions of resistance {unknown}
 g - a potion of attraction {unknown}
 h - a potion of heal wounds {unknown}
 j - a potion of berserk rage {unknown}
 p - a potion of magic {unknown}


   Skills:
 + Level 3.8 Fighting
 + Level 3.5 Maces & Flails
 - Level 2.4 Dodging
 + Level 4.1 Shields


You had 5 spell levels left.
You didn't know any spells.
Your spell library was empty.

Dungeon Overview and Level Annotations

Branches:
Dungeon (3/15)

Altars:
Yredelemnul
The Shining One

Shops:
D:1 ?

Annotations:
D:3 3 runed translucent doors, Nedwor's ghost, amateur DsGl


Innate Abilities, Weirdness & Mutations

You are too large for most types of armour.
You have claws for hands.
Your natural rate of healing is unusually fast.
You are covered in fur. (AC +1)
You have tough skin. (AC +1)


Message History

The orc hits you but does no damage. Something completely misses you.
You hit the orc.
You kill the orc!
Something hits you but does no damage. You block the orc's attack.
Something hits you.
You sock the orc!
You kill the orc!
Something hits you.
You miss something. You block the orc's attack. You block something's attack.
The orc hits you with a +1 hand axe of venom.
You are poisoned.
You closely miss something.
You feel sick. Something hits you. The orc hits you but does no damage.
You are more poisoned.
You hear some strange, mumbled words.
A puff of flame appears from out of thin air!
The puff of flame hits you!
You barely miss the orc.
You feel very sick. The orc barely misses you. Something hits you.
You sock the orc!
You kill the orc!
You feel very sick. Something hits you.
* * * LOW HITPOINT WARNING * * *
You have reached level 6!
You feel stronger.
You sock something!
You feel very sick.
You hear some strange, mumbled words.
A magic dart appears from out of thin air!
The magic dart hits you!
* * * LOW HITPOINT WARNING * * *
You miss something.
You feel sick.
You hear some strange, mumbled words.
You are confused.
You hear some strange, mumbled words.
A puff of flame appears from out of thin air!
The puff of flame hits you!
You die...

###.#.###.#
#.......
#.......#.#
#.....).
#.......#.#
########
#.......#.#
###.#'###.#
#)#.###.#
#.#.....#
###)#######
#.{@#
#.#########
#.#......<#
#.#.#######
#.#.# #.#.#
#.#.# #.#.#
#...#


There were no monsters in sight!

Vanquished Creatures
  Jessica (D:3)
  Natasha (thrice) (D:3)
  A scorpion zombie (D:3)
  A hound skeleton (D:3)
  3 adders
  An adder skeleton (D:3)
  3 adder zombies (D:3)
  A worm (D:2)
  3 dart slugs
  5 orcs (D:3)
  3 endoplasms
  4 giant cockroaches
  7 goblins
  5 hobgoblins
  4 jackals (D:3)
  6 kobolds
  3 quokkas
  6 ball pythons
  A ball python zombie (D:3)
  5 bats
  3 frilled lizards (D:1)
  2 quokka skeletons (D:3)
  8 rats
79 creatures vanquished.

Notes
Turn   | Place    | Note
-------+----------+-------------------------------------------
     0 | D:1      | BinkBink the Troll Fighter began the quest for the Orb.
     0 | D:1      | Reached XP level 1. HP: 22/22 MP: 0/0
   130 | D:1      | Found Sesil's Magic Scroll Emporium.
   136 | D:1      | Reached XP level 2. HP: 27/29 MP: 1/1
   244 | D:1      | Reached skill level 3 in Shields
   979 | D:1      | Reached XP level 3. HP: 31/36 MP: 2/2
  1381 | D:2      | Reached XP level 4. HP: 45/45 MP: 3/3
  1554 | D:3      | Found a runed translucent gate.
  1554 | D:3      | Found a runed translucent gate.
  1554 | D:3      | Found a runed translucent gate.
  1554 | D:3      | Noticed Nedwor's ghost (amateur DsGl)
  1556 | D:3      | Found a basalt altar of Yredelemnul.
  1683 | D:3      | Noticed Natasha
  1691 | D:3      | Killed Natasha
  1764 | D:3      | Noticed Natasha
  1776 | D:3      | Reached XP level 5. HP: 27/53 MP: 4/4
  1776 | D:3      | Noticed Jessica
  1787 | D:3      | Killed Natasha
  1791 | D:3      | Killed Jessica
  1822 | D:3      | Noticed Natasha
  1848 | D:3      | Killed Natasha
  1849 | D:3      | Reached skill level 4 in Shields
  1951 | D:3      | Found a glowing golden altar of the Shining One.
  2080 | D:3      | Reached XP level 6. HP: 17/62 MP: 5/5
  2081 | D:3      | Killed from afar by an orc wizard

Illustrated notes

Levels and vault maps discovered:
D:1:      lemuel_arrival_tunnels, layout_basic, serial_shops, shop,
          minmay_surrounded
D:2:      layout_rooms
D:3:      layout_basic, mainiacjoe_overflow_alcove_2,
          nicolae_tso_swordbearing_angel, nicolae_yredelemnul_ghost_church,
          serial_undead, serial_undead_a, serial_undead_a, serial_undead_f,
          serial_undead_a, serial_undead_c, serial_undead_c, serial_undead_d,
          uniq_natasha, uniq_jessica

Skill      XL: |  1  2  3  4  5 |
---------------+----------------+-----
Maces & Flails | 2 3 |  3.5
Shields        | 3 4 |  4.1
Fighting       | 3 |  3.8
Dodging        | |  2.4

Action                     |  1- 3 |  4- 6 || total
---------------------------+-------+-------++-------
  Melee: Flail             |   113 |   158 ||   271
 Armour: Robe              |    78 |   139 ||   217
  Dodge: Dodged            |    43 |    85 ||   128
  Block: Kite shield       |    51 |    91 ||   142

Table legend: (Time is in decaauts)
 A = Elapsed time spent in this place.
 B = Non-inter-level travel time spent in this place.
 C = Inter-level travel time spent in this place.
 D = Time resting spent in this place.
 E = Time spent auto-exploring this place.
 F = Levels seen in this place.
 G = Mean time per level.
                   A        B        C        D        E       F      G
               +--------+--------+--------+--------+--------+-----+--------+
         Total |   2191 |   2140 |     51 |      0 |   1530 |   3 |  730.3 |
       Dungeon |   2191 |   2140 |     51 |      0 |   1530 |   3 |  730.3 |
               +--------+--------+--------+--------+--------+-----+--------+

Top non-repeatable levels by time:
     D:1: 1047 daAuts
     D:3: 653 daAuts
     D:2: 491 daAuts
